 Dungeon Crawl Stone Soup version 0.31.0-32-g396128a36d (webtiles) character file.

Game seed: 16168385412904384917

304 Gadfly the Shield-Bearer (level 6, -1/38 HPs)
             Began as a Gargoyle Fighter on Mar 8, 2024.
             Slain by a wight
             ... wielding a +4 flail
              (10 damage)
             ... on level 4 of the Dungeon.
             The game lasted 00:04:38 (2496 turns).

Gadfly the Shield-Bearer (Gargoyle Fighter)         Turns: 2496, Time: 00:04:39

Health: -1/38      AC: 13    Str: 20    XL:     6   Next: 38%
Magic:  8/8        EV: 14    Int:  8    God:
Gold:   165        SH:  4    Dex: 11    Spells: 5/5 levels left

rFire   . . .        a - +0 flail
rCold   . . .        c - +0 buckler
rNeg    + . .        b - +0 scale mail
rPois   ∞            h - +0 helmet
rElec   +            k - +0 cloak
rCorr   .            (no gloves)
SInv    +            (no boots)
Will    .....        (no amulet) Stlth
                     j - +5 ring of evasion
HPRegen 0.26/turn    i - ring of see invisible
MPRegen 0.11/turn

%: no passive effects
@: no status effects
A: sickness immunity, AC +4, negative energy resistance 1, electricity
resistance, torment resistance 1, petrification resistance
a: no special abilities


You were on level 4 of the Dungeon.
You visited 1 branch of the dungeon, and saw 4 of its levels.

You collected 165 gold pieces.

Inventory:

Hand Weapons
 a - a +0 flail (weapon)
Armour
 b - a +0 scale mail (worn)
 c - a +0 buckler (worn)
 h - a +0 helmet (worn)
 k - a +0 cloak (worn)
Jewellery
 i - a ring of see invisible (right hand)
 j - a +5 ring of evasion (left hand)
Scrolls
 e - 4 scrolls of teleportation
 l - a scroll of identify
 m - a scroll of amnesia {unknown}
 n - a scroll of vulnerability
Potions
 d - a potion of might
 f - a potion of heal wounds
 g - 2 potions of curing


   Skills:
 + Level 4.0 Fighting
 * Level 3.6 Maces & Flails
 + Level 3.9 Armour
 + Level 4.0 Shields
 * Level 3.0 Invocations
 * Level 2.2 Evocations


You had 5 spell levels left.
You didn't know any spells.
Your spell library contained the following spells:

 Spells                   Type           Power      Damage    Failure   Level
 Apportation              Tloc           0%         N/A       83%         1
 Freeze                   Ice            0%         1d3       83%         1
 Necrotise                Necr           0%         1d4       83%         1
 Sting                    Conj/Alch      0%         1d3       83%         1
 Summon Small Mammal      Summ           0%         N/A       83%         1
 Frozen Ramparts          Ice            0%         1d1       99%         3
 Hailstorm                Conj/Ice       0%         3d5       99%         3
 Animate Armour           Summ/Erth      0%         N/A       100%        4
 Animate Dead             Necr           0%         N/A       100%        4
 Summon Lightning Spire   Summ/Air       0%         N/A       100%        4
 Lee's Rapid Deconstruct  Erth           0%         3d4*      100%        5
 Haunt                    Necr/Summ      0%         N/A       100%        7
 Infestation              Necr           0%         N/A       100%        8


Dungeon Overview and Level Annotations

Branches:
Dungeon (4/15)
 Temple: D:4-7

Altars:
Kikubaaqudgha


Innate Abilities, Weirdness & Mutations

You are immune to sickness and miasma.
Your stone body is resilient. (AC +4)
You are immune to poison.
You resist negative energy. (rN+)
You are resistant to electric shocks. (rElec)
You are resistant to unholy torment.
You are immune to petrification.


Message History

You closely miss the wight.
The wight is moderately damaged.
The wight hits you with a +4 flail!
You closely miss the wight.
The wight is moderately damaged.
The wight hits you but does no damage.
You barely miss the wight.
The wight is moderately damaged.
The wight hits you with a +4 flail. You block the wight's attack.
You hit the wight.
The wight is severely damaged.
The wight hits you with a +4 flail!
You are too injured to fight recklessly!
You are too injured to fight recklessly!
You are too injured to fight recklessly!
You are too injured to fight recklessly!
You are too injured to fight recklessly!
You are too injured to fight recklessly!
You are too injured to fight recklessly!
You hit the wight.
The wight is severely damaged.
The wight hits you with a +4 flail!
* * * LOW HITPOINT WARNING * * *
You barely miss the wight.
The wight is severely damaged.
The wight hits you but does no damage. x2
You closely miss the wight.
The wight is severely damaged.
The wight closely misses you.
You barely miss the wight.
The wight is severely damaged.
The wight closely misses you.
You closely miss the wight.
The wight is severely damaged.
The wight hits you with a +4 flail.
* * * LOW HITPOINT WARNING * * *
You barely miss the wight.
The wight is severely damaged.
The wight hits you with a +4 flail!
You die...

#......#
###...##
#...#
#.#.#
#.#.#
#.#.#
#.#.#
#.#z#
#.#@#
..#<#
#.# #.#
#.# #.#
#.# #.#
#.#


You could see a wight.

Vanquished Creatures
  A water moccasin (D:3)
  A gnoll bouda (D:4)
  A hound (D:4)
  3 gnolls (D:4)
  5 adders
  A ribbon worm (D:4)
  2 orcs (D:3)
  5 endoplasms
  4 giant cockroaches
  6 goblins
  10 hobgoblins
  4 kobolds
  A quokka (D:1)
  13 ball pythons
  5 bats (D:1)
  3 frilled lizards
  7 rats
72 creatures vanquished.

Notes
Turn   | Place    | Note
-------+----------+-------------------------------------------
     0 | D:1      | Gadfly the Gargoyle Fighter began the quest for the Orb.
     0 | D:1      | Reached XP level 1. HP: 14/14 MP: 1/1
    93 | D:1      | Reached XP level 2. HP: 19/19 MP: 2/2
   393 | D:1      | Reached skill level 1 in Invocations
   422 | D:1      | Reached XP level 3. HP: 23/23 MP: 3/3
   983 | D:2      | Reached skill level 1 in Evocations
  1193 | D:2      | Reached XP level 4. HP: 25/28 MP: 3/5
  1621 | D:3      | Noticed a water moccasin
  1639 | D:3      | Killed a water moccasin
  1640 | D:3      | Reached XP level 5. HP: 26/33 MP: 6/6
  2308 | D:4      | Found an ancient bone altar of Kikubaaqudgha.
  2338 | D:4      | Reached XP level 6. HP: 34/38 MP: 6/8
  2496 | D:4      | Slain by a wight

Illustrated notes

Levels and vault maps discovered:
D:1:      wander_arrival_lonely_grave, layout_rooms, minmay_pentomino_s4
D:2:      minmay_skewed_foursquare, layout_basic
D:3:      layout_loops_cross
D:4:      corexii_shack_village, layout_loops_ring, lemuel_crystal_altar

Skill      XL: |  1  2  3  4  5  6 |
---------------+-------------------+-----
Invocations    | 1 2 3 |  3.0
Evocations     | 1 2 |  2.2
Maces & Flails | 3 |  3.6
Shields        | 4 |  4.0
Fighting       | 4 |  4.0
Armour         | |  3.9

Action                     |  1- 3 |  4- 6 || total
---------------------------+-------+-------++-------
  Melee: Flail             |   100 |   169 ||   269
    Use: Scroll            |     5 |     1 ||     6
         Potion            |     2 |     1 ||     3
 Armour: Scale mail        |    59 |   113 ||   172
  Dodge: Dodged            |    62 |   152 ||   214
  Block: Buckler           |    18 |    43 ||    61
